 Dungeon Crawl Stone Soup version 0.30-a0-414-gcb316572d5 (webtiles) character file.

Game seed: 16951075379732739497

85892 cforsyth the Severer (level 15, -28/147 HPs)
             Began as a Hill Orc Monk on Dec 7, 2022.
             Was the Champion of Beogh.
             Succumbed to a naga mage's splash of poison
             ... on level 4 of the Snake Pit.
             The game lasted 01:23:27 (21972 turns).

cforsyth the Severer (Hill Orc Monk)               Turns: 21972, Time: 01:23:27

Health: -28/147    AC: 29    Str: 28    XL:     15   Next: 85%
Magic:  25/26      EV:  8    Int: 10    God:    Beogh [******]
Gold:   2627       SH: 12    Dex: 19    Spells: 14/14 levels left

rFire   + . .      SeeInvis .    s - +6 broad axe (elec)
rCold   . . .      Faith    .    M - +1 kite shield {AC+3}
rNeg    . . .      Spirit   .    i - +1 plate armour {rF+}
rPois   x          Reflect  .    K - +1 helmet
rElec   .          Harm     .    J - +1 cloak
rCorr   .          Rampage  .    h - +0 pair of gloves
Will    +....                    O - +0 pair of boots
Stlth   ..........               g - amulet of regeneration
HPRegen 1.24/turn                y - +6 ring of strength
MPRegen 0.20/turn                T - +6 ring of dexterity

@: lethally poisoned (-28 -> -135), poison vulnerable, slowed, very slow
A: walk on water
a: Renounce Religion, Smiting, Recall Orcish Followers, Give Item to Named
Follower, Resurrection


You were on level 4 of the Snake Pit.
You worshipped Beogh.
Beogh was exalted by your worship.
You visited 4 branches of the dungeon, and saw 26 of its levels.
You also visited: Ossuary and Bailey.

You collected 2900 gold pieces.
You spent 273 gold pieces at shops.

Inventory:

Hand Weapons
 s - a +6 broad axe of electrocution (weapon)
 S - the +8 whip "Snakebite" {venom, curare, rPois}
   (You found it on level 1 of the Lair of Beasts)

   It poisons the flesh of those it strikes.
   It occasionally inflicts asphyxiating poison on those it strikes, dealing
   poison damage and causing slowness.
   rPois:     It protects you from poison.
Missiles
 j - 7 silver boomerangs (quivered)
Armour
 h - a +0 pair of gloves (worn)
 i - a +1 plate armour of fire resistance (worn)
 J - a +1 cloak (worn)
 K - a +1 helmet (worn)
 M - a +1 kite shield of protection (worn)
 O - a +0 pair of boots (worn)
Jewellery
 a - a ring of willpower
 g - an amulet of regeneration (around neck)
 q - a ring of protection from cold
 r - a ring of flight
 y - a +6 ring of strength (left hand)
 L - a ring of see invisible
 T - a +6 ring of dexterity (right hand)
 Z - a ring of fire
Wands
 m - a wand of polymorph (13)
 N - a wand of digging (6)
 V - a wand of flame (6)
 W - a wand of quicksilver (17)
 Y - a wand of roots (26)
Scrolls
 d - 18 scrolls of teleportation
 f - 3 scrolls of butterflies
 n - 5 scrolls of fear
 u - 3 scrolls of immolation
 v - a scroll of summoning
 x - 2 scrolls of vulnerability
 z - 6 scrolls of enchant armour
 A - a scroll of amnesia
 B - 4 scrolls of poison
 C - 2 scrolls of silence
 D - 3 scrolls of torment
 I - 4 scrolls of blinking
 Q - 4 scrolls of magic mapping
 R - 6 scrolls of identify
 U - a scroll of brand weapon
Potions
 b - 11 potions of might
 c - 4 potions of ambrosia
 e - 4 potions of heal wounds
 k - 6 potions of brilliance
 l - 4 potions of attraction
 o - 4 potions of flight
 p - 5 potions of lignification
 t - 5 potions of cancellation
 w - 5 potions of mutation
 E - 8 potions of invisibility
 F - a potion of magic
 G - 9 potions of haste
 H - 6 potions of curing
 P - 4 potions of berserk rage
 X - a potion of resistance


   Skills:
 + Level 17.2 Fighting
 + Level 18.7 Axes
 + Level 15.6 Armour
 - Level 2.4 Dodging
 - Level 1.5 Stealth
 + Level 6.7 Shields
 + Level 14.8 Invocations


You had 14 spell levels left.
You didn't know any spells.
Your spell library contained the following spells:

 Spells                   Type           Power      Damage    Failure   Level
 Apportation              Tloc           0%         N/A       99%         1
 Freeze                   Ice            0%         1d3       99%         1
 Magic Dart               Conj           0%         1d3       99%         1
 Call Imp                 Summ           0%         N/A       100%        2
 Cigotuvi's Dreadful Rot  Necr/Pois/Air  0%         N/A       100%        2
 Poisonous Vapours        Pois/Air       0%         N/A       100%        2
 Dazzling Flash           Conj/Hex       0%         N/A       100%        3
 Frozen Ramparts          Ice            0%         1d1       100%        3
 Gell's Gravitas          Tloc           0%         N/A       100%        3
 Hailstorm                Conj/Ice       0%         3d3       100%        3
 Mephitic Cloud           Conj/Pois/Air  0%         N/A       100%        3
 Portal Projectile        Hex/Tloc       0%         N/A       100%        3
 Teleport Other           Tloc           0%         N/A       100%        3
 Tukima's Dance           Hex            0%         N/A       100%        3
 Animate Dead             Necr           0%         N/A       100%        4
 Iskenderun's Mystic Bla  Conj/Tloc      0%         2d3       100%        4
 Passage of Golubria      Tloc           0%         N/A       100%        4
 Petrify                  Tmut/Erth      0%         N/A       100%        4
 Alistair's Intoxication  Tmut/Pois      0%         N/A       100%        5
 Blade Hands              Tmut           0%         N/A       100%        5
 Iskenderun's Battlesphe  Conj           0%         2d6       100%        5
 Metabolic Englaciation   Hex/Ice        0%         N/A       100%        5
 Summon Forest            Summ/Tloc      0%         N/A       100%        5
 Summon Mana Viper        Hex/Summ       0%         N/A       100%        5
 Yara's Violent Unravell  Hex/Tmut       0%         3d3       100%        5
 Dispersal                Tloc           0%         N/A       100%        6
 Iron Shot                Conj/Erth      0%         9d1       100%        6
 Starburst                Conj/Fire      0%         6d3       100%        6
 Statue Form              Tmut/Erth      0%         N/A       100%        6
 Summon Cactus Giant      Summ           0%         N/A       100%        6
 Haunt                    Necr/Summ      0%         N/A       100%        7
 Spellforged Servitor     Conj/Summ      0%         N/A       100%        7
 Infestation              Necr           0%         N/A       100%        8


Dungeon Overview and Level Annotations

Branches:
Dungeon (15/15)            Temple (0/1) D:7            Lair (5/5) D:9
 Shoals (0/4) Lair:3        Snake (4/4) Lair:2        Slime (0/5) Lair:4
    Orc (2/2) D:10            Elf (0/3) Orc:2        Vaults (0/5) D:13
 Depths (0/4) D:15        Ossuary (visited)          Bailey (visited)

Altars:
Ru
Vehumet
Xom
Beogh
Jiyva

Shops:
Orc:2 (((*


Message History

You are more poisoned.
You have difficulty breathing.
You feel as though you will be slow longer.
The naga hits you from afar with a +0 glaive.
Wulfoc hits the naga ritualist from afar with a +1 trident!!
You closely miss the naga mage. You closely miss the shock serpent.
You hit the naga mage. You completely miss the naga.
You feel extremely sick.
You are lethally poisoned!
Wulfoc looks even sicker.
Worak looks even sicker.
Norbak looks even sicker.
The shock serpent shoots out a bolt of lightning at you!
The bolt of electricity hits you!
* * * LOW HITPOINT WARNING * * *
The bolt of electricity hits your orc knight!!
The naga mage spits poison at you. You block the splash of poison.
The naga mage gestures at you while chanting.
The bolt of poison hits you!
You are more poisoned.
* * * LOW HITPOINT WARNING * * *
The bolt of poison hits Norbak.
Norbak looks even sicker.
The bolt of poison hits Worak!
Worak looks even sicker.
The bolt of poison hits Zorug!
Zorug looks even sicker.
The naga loses its grip on you.
Wulfoc barely misses the naga ritualist.
The naga hits you but does no damage.
The shock serpent shoots out a bolt of lightning at you!
The bolt of electricity hits you!!
* * * LOW HITPOINT WARNING * * *
The naga mage spits poison at you.
The splash of poison hits you but does no damage.
You are more poisoned.
Unknown command.
Unknown command.
Blink to where?
Press: ? - help, Dir - move target
As you read the scroll of blinking, it crumbles to dust.
You die...

..........## #....
...........##......
...........#.......
.......N...........
......SN.o.........
#....NN§oo.........
##....No.o.........
##................
##.......@.......
#...............
##..............
##.............
##............
##...........
###.........
###.......


You could see a naga ritualist (toxic aura, ally target), a shock serpent (ally
target), 2 naga magi, 2 nagas, the friendly Worak the orc warlord (strong, very
poisoned), a friendly orc knight (strong, very poisoned), the friendly Norbak
the orc knight (strong, very poisoned), the friendly Wulfoc the orc knight
(strong, very poisoned) and the friendly Zorug the orc knight (strong, very
poisoned).

Vanquished Creatures
  A hydra (D:14)
  3 anacondas
  3 ogre magi
  A centaur warrior (D:14)
  5 death yaks
  A boulder beetle (D:9)
  A two-headed ogre (Orc:2)
  2 naga sharpshooters (Snake:1)
  2 naga warriors
  3 shock serpents
  A salamander mystic (Snake:1)
  A wizard (D:13)
  A phantasmal warrior (D:15)
  2 necromancers (D:13)
  3 mana vipers
  A deep elf pyromancer (D:13)
  An ugly thing (D:12)
  A manticore (Lair:5)
  3 slime creatures
  3 salamanders
  2 elephants
  A frost giant skeleton (D:15)
  2 guardian serpents (Snake:3)
  10 black mambas
  2 cane toads (Lair:3)
  A naga mage (Snake:3)
  A kobold demonologist (D:11)
  A rime drake (Lair:4)
  2 efreet
  A freezing wraith (D:15)
  A komodo dragon (Lair:3)
  A tengu conjurer (D:13)
  4 blink frogs (Lair:3)
  A blink frog (shapeshifter) (D:9)
  2 dream sheep (Lair:3)
  A jumping spider (shapeshifter) (D:13)
  A shadow (D:10)
  2 wraiths
  A vampire (D:10)
  2 wyverns
  10 yaks
  9 humans (D:13)
  A basilisk (Lair:5)
  Menkaure (Ossuary)
  2 wargs
  11 nagas
  8 water moccasins
  An acid dragon (D:11)
  3 orc warriors
  A black bear (D:7)
  2 sky beasts
  7 ogres
  A wolf (Lair:2)
  7 centaurs
  2 phantoms
  An elf zombie (Ossuary)
  7 bullfrogs
  2 gnoll sergeants
  A scorpion (D:5)
  9 wights
  A troll zombie (Ossuary)
  12 killer bees
  An electric eel (Lair:2)
  A howler monkey (D:14)
  A centaur zombie (Ossuary)
  5 hounds
  4 orc priests
  A jelly (D:7)
  A gnoll bouda (D:6)
  2 iguanas
  An orc wizard (D:9)
  2 hell rats (Lair:4)
  3 ogre zombies (Ossuary)
  6 mummies (Ossuary)
  27 gnolls
  5 adders
  A white imp (D:6)
  6 adder zombies (Ossuary)
  A worm (D:2)
  3 dart slugs
  14 orcs
  4 ball pythons
  2 bats (D:3)
  3 endoplasms
  3 giant cockroaches
  A gnoll zombie (Ossuary)
  7 goblins
  12 hobgoblins
  7 jackals
  8 quokkas
  6 frilled lizards
  5 goblin zombies (Ossuary)
  2 hobgoblin zombies (Ossuary)
  3 kobolds
  3 kobold zombies (Ossuary)
  An orc zombie (Ossuary)
  3 quokka zombies (Ossuary)
  5 rats
  3 rat zombies (Ossuary)
340 creatures vanquished.

Vanquished Creatures (collateral kills)
  A juggernaut zombie (D:15)
  A juggernaut skeleton (D:15)
  The ghost of Liwostraq the Nimble, a journeyman MeFi of Okawaru (Lair:3)
  3 vault guards (D:13)
  A salamander tyrant (Snake:1)
  Harold (D:10)
  A hydra (Lair:4)
  2 ogre magi (Orc:2)
  3 anacondas
  2 centaur warriors
  3 catoblepae (Lair:5)
  17 two-headed ogres
  12 death yaks
  2 shock serpents
  2 boulder beetles
  7 naga warriors
  A tengu warrior (D:13)
  Amaemon (D:8)
  2 salamander mystics
  6 skeletal warriors
  An orc knight (Orc:2)
  A lindwurm (Lair:4)
  2 naga ritualists
  4 deep elf pyromancers
  A necromancer (D:15)
  3 manticores
  A wolf spider (D:15)
  3 mana vipers
  A tengu skeleton (D:15)
  10 salamanders
  5 cyclopes
  A guardian serpent (Snake:3)
  11 black mambas
  10 elephants
  3 naga magi
  An orange demon (D:8)
  2 komodo dragons (Lair:4)
  A kobold demonologist (D:13)
  2 unseen horrors
  4 cane toads
  2 yaktaurs
  A freezing wraith (D:15)
  3 hellwings (D:12)
  An efreet (D:15)
  7 trolls
  A polar bear (Lair:5)
  3 blink frogs (Lair:3)
  8 dream sheep
  8 slime creatures
  A wraith (D:13)
  18 yaks
  2 wyverns
  8 humans (D:13)
  A steam dragon (Lair:3)
  6 basilisks
  6 wargs
  10 nagas
  9 water moccasins
  6 orc warriors
  2 black bears
  2 sky beasts
  9 wolves
  3 centaurs (D:14)
  23 ogres
  5 bullfrogs
  3 gnoll sergeants
  8 wights
  12 killer bees
  2 electric eels (Lair:2)
  2 howler monkeys (D:12)
  7 orc priests
  3 hell rats (Lair:4)
  9 orc wizards
  10 gnolls
  A shadow imp (D:8)
  2 white imps
  9 orcs
  2 goblins (D:8)
  2 hobgoblins (D:8)
  A butterfly (Lair:3)
354 creatures vanquished.

Vanquished Creatures (others)
  7 orc knights
  15 orc warriors
  6 orc priests
  8 orc wizards
  41 orcs
  A demonic plant (D:12)
  54 fungi
  130 plants
  6 withered plants (D:15)
268 creatures vanquished.

Grand Total: 962 creatures vanquished

Notes
Turn   | Place    | Note
-------+----------+-------------------------------------------
     0 | D:1      | cforsyth the Hill Orc Monk began the quest for the Orb.
     0 | D:1      | Reached XP level 1. HP: 19/19 MP: 1/1
   243 | D:1      | Reached XP level 2. HP: 13/27 MP: 2/2
   343 | D:1      | Reached skill level 1 in Armour
   819 | D:2      | Found a faded altar of an unknown god.
  1014 | D:2      | Reached XP level 3. HP: 33/33 MP: 3/3
  2024 | D:3      | Reached XP level 4. HP: 41/41 MP: 4/4
  2533 | D:4      | Reached skill level 5 in Axes
  2652 | D:4      | Noticed a phantom
  2685 | D:4      | Killed a phantom
  2686 | D:4      | Reached skill level 5 in Fighting
  2686 | D:4      | Reached XP level 5. HP: 36/48 MP: 5/5
  3278 | D:5      | Entered Level 5 of the Dungeon
  3284 | D:5      | Reached XP level 6. HP: 54/56 MP: 6/6
  3310 | D:5      | Reached skill level 6 in Axes
  3904 | D:6      | Noticed a sky beast
  3905 | D:6      | Became a worshipper of Beogh the Brigand
  3905 | D:6      | Reached * piety under Beogh
  3905 | D:6      | Reached ** piety under Beogh
  3929 | D:6      | Killed a sky beast
  3930 | D:6      | Reached XP level 7. HP: 59/63 MP: 7/7
  4037 | D:6      | Found a sand-covered staircase.
  4056 | D:6      | Reached skill level 7 in Axes
  4077 | Ossuary  | Entered an ossuary
  4197 | Ossuary  | Reached skill level 5 in Armour
  4431 | Ossuary  | Reached XP level 8. HP: 67/73 MP: 8/8
  4517 | Ossuary  | Noticed Menkaure
  4904 | Ossuary  | Killed Menkaure
  4905 | Ossuary  | Reached skill level 8 in Axes
  5354 | D:5      | Reached *** piety under Beogh
  5516 | D:5      | Reached skill level 9 in Axes
  5647 | D:6      | Found a sacrificial altar of Ru.
  5653 | D:6      | Reached XP level 9. HP: 78/82 MP: 9/9
  5737 | D:6      | Identified the +3 hand axe of Doom {vorpal, Dex+3}
  6160 | D:7      | Reached skill level 10 in Axes
  6170 | D:7      | Found a staircase to the Ecumenical Temple.
  6592 | D:7      | Reached **** piety under Beogh
  6893 | D:8      | Reached skill level 10 in Fighting
  6893 | D:8      | Reached skill level 11 in Axes
  6894 | D:8      | Reached XP level 10. HP: 86/93 MP: 10/10
  6909 | D:8      | Found a flagged portal.
  6920 | Bailey   | Entered a bailey
  7309 | D:8      | Noticed an orange demon
  7314 | D:8      | Killed an orange demon
  7347 | D:8      | Found a radiant altar of Vehumet.
  7383 | D:8      | Noticed Amaemon
  7392 | D:8      | Killed Amaemon
  7579 | D:8      | Found a transporter.
  7583 | D:8      | Found a viscous altar of Jiyva.
  7701 | D:8      | Found a transporter.
  7710 | D:8      | Reached skill level 12 in Axes
  8155 | D:9      | Reached skill level 1 in Invocations
  8170 | D:9      | Reached ***** piety under Beogh
  8236 | D:9      | Gained Worak as an ally
  8311 | D:9      | Found a staircase to the Lair.
  8407 | D:9      | Reached skill level 10 in Armour
  8529 | D:9      | Gained Morun as an ally
  8535 | D:9      | Noticed a deep elf pyromancer
  8536 | D:9      | Noticed a boulder beetle
  8562 | D:9      | Killed a deep elf pyromancer
  8563 | D:9      | Reached XP level 11. HP: 103/103 MP: 13/13
  8591 | D:10     | Entered Level 10 of the Dungeon
  8730 | D:10     | Found a staircase to the Orcish Mines.
  8755 | D:10     | Found a roughly hewn altar of Beogh.
  9031 | D:10     | Noticed Harold
  9042 | D:10     | Killed Harold
  9559 | D:11     | Killed a cyclops
  9559 | D:11     | Gained Olfrun as an ally
  9560 | D:11     | Reached skill level 13 in Axes
  9819 | D:11     | Reached skill level 5 in Invocations
 10177 | D:12     | Noticed a deep elf pyromancer
 10181 | D:12     | Noticed a boulder beetle
 10185 | D:12     | Noticed a manticore
 10191 | D:12     | Killed a deep elf pyromancer
 10195 | D:12     | Killed a manticore
 10198 | D:12     | Killed a boulder beetle
 10200 | D:12     | Noticed a two-headed ogre
 10204 | D:12     | Killed a two-headed ogre
 10346 | Lair:1   | Entered Level 1 of the Lair of Beasts
 10849 | Lair:1   | Reached skill level 14 in Axes
 10929 | Lair:1   | Reached XP level 12. HP: 93/113 MP: 17/17
 10955 | Lair:1   | Found the +8 whip "Snakebite" {venom, curare, rPois}
 11584 | Lair:2   | Found a staircase to the Snake Pit.
 11983 | Lair:3   | Gained Worak as an ally
 12016 | Lair:3   | Found a staircase to the Shoals.
 12301 | Lair:3   | Noticed a death yak
 12302 | Lair:3   | Noticed a death yak
 12302 | Lair:3   | Noticed a death yak
 12302 | Lair:3   | Noticed a death yak
 12306 | Lair:3   | Noticed a death yak
 12307 | Lair:3   | Killed a death yak
 12307 | Lair:3   | Noticed a death yak
 12309 | Lair:3   | Killed a death yak
 12311 | Lair:3   | Killed a death yak
 12313 | Lair:3   | Killed a death yak
 12315 | Lair:3   | Killed a death yak
 12316 | Lair:3   | Reached skill level 15 in Axes
 12317 | Lair:3   | Killed a death yak
 12626 | Lair:3   | Found a runed translucent gate.
 12627 | Lair:3   | Found a runed translucent gate.
 12628 | Lair:3   | Found a runed translucent gate.
 12630 | Lair:3   | Noticed Liwostraq's ghost (journeyman MeFi)
 12641 | Lair:3   | Killed Liwostraq's ghost
 12641 | Lair:3   | Reached ****** piety under Beogh
 12928 | Lair:4   | Found a staircase to the Slime Pits.
 13042 | Lair:4   | Noticed a four-headed hydra
 13052 | Lair:4   | Killed a four-headed hydra
 13053 | Lair:4   | Reached skill level 10 in Invocations
 13053 | Lair:4   | Reached XP level 13. HP: 76/124 MP: 20/20
 13689 | Lair:5   | Entered Level 5 of the Lair of Beasts
 13922 | Lair:5   | Gained Blodwig as an ally
 14008 | Lair:5   | Gained Morbeogh as an ally
 14274 | Lair:5   | Identified the +5 broad axe of Insufficient Pleasure
                  | {distort, rElec}
 14481 | Lair:5   | Reached skill level 16 in Axes
 14513 | Lair:5   | Reached skill level 15 in Fighting
 15079 | Orc:1    | Entered Level 1 of the Orcish Mines
 15487 | Orc:2    | Entered Level 2 of the Orcish Mines
 15645 | Orc:2    | Found a staircase to the Elven Halls.
 15938 | Orc:2    | Found Giuqydgh's Weapon Boutique.
 15938 | Orc:2    | Found Susiamio's Antique Weapon Shoppe.
 15939 | Orc:2    | Found Vohalumm's Antique Weapon Boutique.
 15939 | Orc:2    | Found Duniw's General Store.
 15944 | Orc:2    | Reached XP level 14. HP: 116/135 MP: 8/23
 15947 | Orc:2    | Your ally Olfrun died
 15952 | Orc:2    | Your ally Morun died
 15955 | Orc:2    | Your ally Morbeogh died
 15966 | Orc:2    | Your ally Blodwig died
 15972 | Orc:2    | Reached skill level 17 in Axes
 15986 | Orc:2    | Gained Norbak as an ally
 15991 | Orc:2    | Gained Wulfoc as an ally
 16229 | Orc:2    | Bought a runed broad axe for 273 gold pieces
 16906 | D:13     | Reached skill level 1 in Shields
 17228 | D:13     | Gained Borgun as an ally
 17305 | D:13     | Found a gate to the Vaults.
 18133 | D:15     | Entered Level 15 of the Dungeon
 18136 | D:15     | Found a shimmering altar of Xom.
 18171 | D:15     | Your ally Worak died
 18451 | D:15     | Found a staircase to the Depths.
 18459 | D:15     | Reached XP level 15. HP: 105/145 MP: 25/25
 18736 | D:15     | Identified the +1 chain mail of Myptuki {rN++ Dex-5}
 18871 | D:15     | Paralysed by something for 4 turns
 19324 | Snake:1  | Entered Level 1 of the Snake Pit
 19342 | Snake:1  | Your ally Borgun died
 19351 | Snake:1  | Reached skill level 18 in Axes
 19352 | Snake:1  | Reached skill level 15 in Armour
 19354 | Snake:1  | Gained Zorug as an ally
 19362 | Snake:1  | Reached skill level 5 in Shields
 21964 | Snake:4  | Entered Level 4 of the Snake Pit
 21971 | Snake:4  | HP: 7/147 [shock serpent/bolt of electricity (19)]
 21972 | Snake:4  | Succumbed to a naga mage's splash of poison

Illustrated notes

Levels and vault maps discovered:
D:1:      minmay_arrival_loop, layout_loops_ring
D:2:      layout_basic, dreamdust_ecumenical_altar_statues
D:3:      layout_basic, kennysheep_boxes
D:4:      layout_basic
D:5:      layout_gridville, feat_on_display
D:6:      layout_loops_ring, hangedman_ru_absence,
          nicolae_ossuary_entry_monument
D:7:      layout_basic, lemuel_temple_firewalk_a
D:8:      gammafunk_jiyva_shrine, layout_cave_pools, kennysheep_little_box,
          enter_bailey_4, uniq_amaemon
D:9:      layout_gridville, grunt_lair_entry_orc_guard_hut, grunt_tough_drop
D:10:     layout_loops_ring, minmay_orc_entry_temple_small, st_stairs_4,
          uniq_harold
D:11:     layout_cave_pods
D:12:     layout_cave_pools, serial_demonic, serial_demonic_b, serial_demonic_g,
          serial_demonic_e, serial_demonic_e, minmay_misc_feat_iff
D:13:     layout_rooms, grunt_vaults_entry_tiered
D:14:     layout_small_grid, hangedman_decor_slide_cut, serial_glass,
          glass_columns_c, glass_columns_c
D:15:     gammafunk_depths_entry_grave, layout_rooms, lemuel_tele_altar,
          chequers_avenue, minmay_fractal_squares_gapless_7
Lair:1:   minmay_guarded_unrand_snakebite, layout_cave_shapes,
          grunt_megastairs_5
Lair:2:   layout_hall_layers, guppyfry_snake_entry_garden, serial_bayou,
          serial_bayou_shore_a, serial_bayou_pond_a, serial_bayou_pond_c,
          serial_bayou_lake_a
Lair:3:   layout_misc_corridors, elwin_shoals_entry_rocks,
          ebering_ghost_rock_garden, ldierk_geyser, st_stairs_3,
          lemuel_fruit_fields, serial_bayou_shore_b, infiniplex_staircase_pool
Lair:4:   layout_cave_pods, dpeg_slime_entry_enclosed, lemuel_fruit_tree
Lair:5:   evilmike_catoblepas_cave, layout_cave_pods, kennysheep_basilisk_garden
Snake:1:  layout_misc_corridors
Snake:2:  layout_cave_shapes, nicolae_integral_box
Snake:3:  layout_concentric_octagons
Snake:4:  grunt_snake_rune_spirals, layout_onion, serial_shops,
          nicolae_shop_bloodbath_and_beyond, ebering_ghost_inner_flame,
          nicolae_snake_scaly_snakehead
Orc:1:    cheibrodos_orc_guarddog, layout_caves
Orc:2:    st_orc_ogre_mass, layout_diamond_mine

Skill      XL: |  1  2  3  4  5  6  7  8  9 10 11 12 13 14 15 |
---------------+----------------------------------------------+-----
Armour         | 1 2 3 4 5 6 8 10 11 12 13 14 15 | 15.6
Fighting       | 4 5 6 7 8 10 11 12 14 15 16 17 | 17.2
Axes           | 5 6 7 9 11 12 14 15 16 17 18 | 18.7
Invocations    | 3 7 10 12 13 14 | 14.8
Shields        | 4 6 |  6.7
Dodging        | |  2.4
Stealth        | |  1.5

Action                   |  1- 3 |  4- 6 |  7- 9 | 10-12 | 13-15 || total
-------------------------+-------+-------+-------+-------+-------++-------
Melee: Hand axe          |    97 |   210 |   307 |       |       ||   614
       Punch             |     2 |     1 |     5 |       |       ||     8
       Battleaxe         |       |       |    96 |   331 |   124 ||   551
       Whip              |       |       |       |     3 |     6 ||     9
       Broad axe         |       |       |       |       |   262 ||   262
Throw: Boomerang         |    34 |     8 |     2 |       |       ||    44
Invok: Convert to Beogh  |       |     1 |       |       |       ||     1
       Recall Orcish Fol |       |       |       |     4 |    15 ||    19
       Smiting           |       |       |       |       |     5 ||     5
       Resurrection      |       |       |       |       |     1 ||     1
  Use: Scroll            |       |     6 |    14 |     8 |     7 ||    35
       Potion            |       |     1 |     5 |     1 |     3 ||    10
 Stab: Distracted        |       |       |     2 |     2 |    14 ||    18
Armor: Robe              |     4 |       |       |       |       ||     4
       Ring mail         |    21 |    22 |       |       |       ||    43
       Plate armour      |       |   100 |   215 |   311 |   319 ||   945
Dodge: Dodged            |    50 |    85 |    97 |   191 |   126 ||   549
Block: Kite shield       |       |       |       |       |   176 ||   176

Table legend: (Time is in decaauts)
 A = Elapsed time spent in this place.
 B = Non-inter-level travel time spent in this place.
 C = Inter-level travel time spent in this place.
 D = Time resting spent in this place.
 E = Time spent auto-exploring this place.
 F = Levels seen in this place.
 G = Mean time per level.
                   A        B        C        D        E       F      G
               +--------+--------+--------+--------+--------+-----+--------+
         Total |  21961 |  20673 |   1288 |   1044 |  13801 |  28 |  784.3 |
       Dungeon |  12007 |  11290 |    717 |    620 |   7604 |  15 |  800.5 |
          Lair |   4691 |   4412 |    279 |    159 |   3132 |   5 |  938.2 |
     Snake Pit |   2580 |   2469 |    111 |    105 |   1768 |   4 |  645.0 |
  Orcish Mines |   1364 |   1185 |    179 |      0 |    789 |   2 |  682.0 |
       Ossuary |    982 |    982 |      0 |    159 |    344 |   1 |  982.0 |
        Bailey |    336 |    336 |      0 |      0 |    164 |   1 |  336.0 |
               +--------+--------+--------+--------+--------+-----+--------+

Top non-repeatable levels by time:
  Lair:5: 1208 daAuts
 Ossuary: 982 daAuts
  Lair:2: 973 daAuts
     D:4: 958 daAuts
  Lair:4: 941 daAuts
     D:3: 919 daAuts
    D:10: 911 daAuts
    D:11: 905 daAuts
 Snake:2: 904 daAuts
   Orc:2: 881 daAuts
     D:5: 838 daAuts
 Snake:1: 836 daAuts
     D:8: 834 daAuts
 Snake:3: 831 daAuts
    D:14: 822 daAuts
